[Event "*** Titled Tuesday 3|2 Blitz"]
[Site "Chess.com"]
[Date "2016.05.03"]
[Round "1"]
[White "jlandaw"]
[Black "zvonokchess1996"]
[Result "1-0"]
[WhiteElo "2332"]
[BlackElo "2594"]
[TimeControl "180+2"]
[EndTime "11:02:15 PDT"]
[Termination "jlandaw won by resignation"]

1. e4 d5 2. exd5 Qxd5 3. Nc3 Qd6 4. d4 Nf6 5. Nf3 Bg4 6. Be2 e6 7. Ne5 Bxe2 8. Nxe2 Nbd7 9. Nxd7 Qxd7 10. O-O Be7 11. Bf4 O-O 12. c4 b5 13. b3 a5 14. Qc2 1-0

[Event "*** Titled Tuesday 3|2 Blitz"]
[Site "Chess.com"]
[Date "2016.05.03"]
[Round "1"]
[White "wanyaland"]
[Black "maciek_92"]
[Result "0-1"]
[WhiteElo "2260"]
[BlackElo "2578"]
[TimeControl "180+2"]
[EndTime "11:02:50 PDT"]
[Termination "maciek_92 won by resignation"]

1. d4 Nf6 2. c4 e6 3. g3 Bb4+ 4. Bd2 Be7 5. Bg2 O-O 6. Nc3 d5 7.
Nf3 b6 8. Ne5 Bb7 9. cxd5 Nxd5 10. e4 Nxc3 11. bxc3 Nd7 12. f4 c5 13. O-O cxd4 14. cxd4 Nxe5 15. dxe5 Qd4+ 16. Kh1 Rad8 0-1

[Event "*** Titled Tuesday 3|2 Blitz"]
[Site "Chess.com"]
[Date "2016.05.03"]
[Round "1"]
[White "armago"]
[Black "Yaacovn"]
[Result "0-1"]
[WhiteElo "2222"]
[BlackElo "2551"]
[TimeControl "180+2"]
[EndTime "11:03:03 PDT"]
[Termination "Yaacovn won by resignation"]

1. d4 Nf6 2. c4 e6 3. Nc3 Bb4 4. e3 Bxc3+ 5. bxc3 c5 6. Bd3 Nc6 7. Nf3 d6 8. O-O e5 9. d5 Ne7 10. Nd2 O-O 11. f3 Ng6 12. Re1 Re8 13. e4 Nf4 14. Bc2 N6h5 15. Nf1 Qg5 16. Ne3 Nh3+ 17. Kf1 Qg3 18. gxh3 Bxh3+ 19. Ke2 Qxh2+ 0-1

[Event "*** Titled Tuesday 3|2 Blitz"]
[Site "Chess.com"]
[Date "2016.05.03"]
[Round "1"]
[White "Beca95"]
[Black "Rating-Schmating"]
[Result "1-0"]
[WhiteElo "2555"]
[BlackElo "2257"]
[TimeControl "180+2"]
[EndTime "11:03:54 PDT"]
[Termination "Beca95 won by resignation"]

1. d4 e6 2. Nf3 b6 3. e4 Bb7 4.
Bd3 c5 5. c3 d6 6. O-O Nf6 7.
Qe2 cxd4 8. cxd4 Be7 9. Nc3 Nbd7 10. a3 O-O 11. h3 Rc8 12. Bf4 Qc7 13. Bh2 Qb8 14.
Rfe1 Rfe8 15. e5 dxe5 16. dxe5 Nd5 17. Ne4 Nc5 18. Nxc5 Bxc5 19. Ng5 h6 20. Ne4 Be7 21.
Qg4 Bf8 22. Nf6+ Nxf6 23. exf6 e5 24. fxg7 Bxg7 25. Re3 Qc7 26. Rf1 f6 27. Bf5 Rcd8 28. Rc3 Qe7 29. Bg3 Bd5 30. Rfc1 Be6 31. Rc7 Rd7 32.
Bxe6+ Qxe6 33. Qxe6+ Rxe6 34. Rxd7 Kf8 35. Rc8+ Re8 36.
Rxe8+ Kxe8 37. Rxg7 1-0

[Event "*** Titled Tuesday 3|2 Blitz"]
[Site "Chess.com"]
[Date "2016.05.03"]
[Round "1"]
[White "Dlugy"]
[Black "HansCoolNiemann"]
[Result "1-0"]
[WhiteElo "2573"]
[BlackElo "2259"]
[TimeControl "180+2"]
[EndTime "11:03:58 PDT"]
[Termination "Dlugy won by resignation"]

1. d4 Nf6 2. Nf3 g6 3. c4 Bg7 4.
Nc3 d5 5. Qb3 dxc4 6. Qxc4 a6 7.
e4 b5 8. Qb3 Bb7 9. e5 Nd5 10. a4 b4 11. Nxd5 Bxd5 12. Bc4 Bxf3 13. Bxf7+ Kf8 14. Qxf3 Nd7 15. Bd5+ 1-0

[Event "*** Titled Tuesday 3|2 Blitz"]
[Site "Chess.com"]
[Date "2016.05.03"]
[Round "1"]
[White "Er_is_geen_hoop_meer"]
[Black "exoticprincess"]
[Result "0-1"]
[WhiteElo "2342"]
[BlackElo "2768"]
[TimeControl "180+2"]
[EndTime "11:04:28 PDT"]
[Termination "exoticprincess won by resignation"]

1. Nf3 Nf6 2. g3 d5 3. Bg2 c6 4. O-O Bg4 5. Ne5 Bf5 6. d4 Nbd7 7. Nd3 e6 8. b3 h5 9. c4 h4 10. Bb2 Bd6 11. Ba3 Bxa3 12. Nxa3 Ng4 13. h3 hxg3 14.
hxg4 Qh4 15. fxg3 Qh2+ 16. Kf2 Be4 17. Rg1 Rh3 18. Ne1 Nf6 19. Kf1 Nxg4 20. Qd2 Qxg3 21. e3 Nxe3+ 22. Ke2 Qg4+ 23. Bf3 Rh2+ 24. Kxe3 Qxg1+ 25. Kf4 g5+ 26. Ke5 Qg3+ 27. Kf6 Rxd2 0-1

[Event "*** Titled Tuesday 3|2 Blitz"]
[Site "Chess.com"]
[Date "2016.05.03"]
[Round "1"]
[White "ShimanovAlex"]
[Black "AvitalBor"]
[Result "1-0"]
[WhiteElo "2644"]
[BlackElo "2322"]
[TimeControl "180+2"]
[EndTime "11:04:34 PDT"]
[Termination "ShimanovAlex won by resignation"]

1. d4 Nf6 2. Nf3 d5 3. Bf4 e6 4. e3 Bd6 5. Bg3 c5 6. c3 O-O 7.
Bd3 Qc7 8. Ne5 Nbd7 9. f4 Ne4 10. Nd2 f5 11. Bh4 cxd4 12. exd4 Nxe5 13. fxe5 Be7 14. Bxe7 Qxe7 15. O-O Bd7 16. a4 Qg5 17. Bxe4 fxe4 18.
Qe2 Rxf1+ 19. Nxf1 Rf8 20. a5 a6 21. b3 Be8 22. Re1 Bh5 23. Qe3 Qh4 24. Nd2 Qf4 25. Qxf4 Rxf4 26. Nf1 g5 27. Ne3 Kf7 28. c4 dxc4 29. bxc4 Kg7 30. Rb1 Rf7 31. Rb6 Rd7 32. d5 exd5 33. cxd5 Re7 34. Nf5+ 1-0

[Event "*** Titled Tuesday 3|2 Blitz"]
[Site "Chess.com"]
[Date "2016.05.03"]
[Round "1"]
[White "Danirod"]
[Black "Makalexa"]
[Result "0-1"]
[WhiteElo "2422"]
[BlackElo "2105"]
[TimeControl "180+2"]
[EndTime "11:04:42 PDT"]
[Termination "Makalexa won by resignation"]

1. e4 e5 2. Nf3 Nc6 3. Bc4 Bc5 4.
O-O Nf6 5. d4 Bxd4 6. Nxd4 Nxd4 7. f4 d6 8. fxe5 dxe5 9. Bg5 Qe7 10. Nc3 c6 11. a4 Be6 12. Bxf6 gxf6 13. Bd3 Rg8 14. Qh5 O-O-O 15. a5 Rg5 16. Qh6 Rdg8 17. g3 R8g6 18. Qxh7 Qf8 19. Nd5 Rh6 20. Nxf6 Rxh7 21. Nxh7 Qg7 22. Nxg5 Qxg5 23. Rf2 Qe3 24. a6 Bh3 25.
axb7+ Kb8 0-1

[Event "*** Titled Tuesday 3|2 Blitz"]
[Site "Chess.com"]
[Date "2016.05.03"]
[Round "1"]
[White "Spas_Kozhuharov"]
[Black "Entilza"]
[Result "1-0"]
[WhiteElo "2473"]
[BlackElo "2103"]
[TimeControl "180+2"]
[EndTime "11:04:57 PDT"]
[Termination "Spas_Kozhuharov won by resignation"]

1. d4 d5 2. c4 e6 3. Nc3 Nf6 4. cxd5 exd5 5. Bg5 Be7 6. e3 c6 7. Bd3 O-O 8. Qc2 Nbd7 9. Nf3 Re8 10. O-O Nf8 11. h3 Ng6 12. Bxf6 Bxf6 13. b4 Be6 14. b5 Qd7 15. bxc6 bxc6 16. Kh2 c5 17. dxc5 Qc7+ 18. g3 Qc6 19. Bb5 Qxc5 20. Bxe8 Rxe8 21. Rac1 Ne5 22. Nd4 Qc8 23. Nxd5 Qd7 24. Nxf6+ gxf6 25. Nxe6 Qxe6 26. Rfd1 Nf3+ 27. Kg2 Ng5 28. g4 1-0

[Event "*** Titled Tuesday 3|2 Blitz"]
[Site "Chess.com"]
[Date "2016.05.03"]
[Round "1"]
[White "Gergo85"]
[Black "Carolina-moon"]
[Result "1-0"]
[WhiteElo "2424"]
[BlackElo "2045"]
[TimeControl "180+2"]
[EndTime "11:04:58 PDT"]
[Termination "Gergo85 won by resignation"]

1. e4 c5 2. Nf3 d6 3. d4 Nf6 4. Nc3 cxd4 5. Qxd4 a6 6. Be3 Nc6 7. Qb6 Be6 8. Qxd8+ Rxd8 9. h3 h6 10. O-O-O g5 11. Nd4 Nxd4 12. Bxd4 Bg7 13. h4 g4 14. f4 h5 15. g3 O-O 16. Bg2 b5 17. a3 Rb8 18. Bxf6 Bxf6 19. Nd5 Bxd5 20. Rxd5 Rb6 21.
Rxh5 Kg7 22. Rd5 Rc8 23. e5 dxe5 24. fxe5 1-0

[Event "*** Titled Tuesday 3|2 Blitz"]
[Site "Chess.com"]
[Date "2016.05.03"]
[Round "1"]
[White "nonsopolo1"]
[Black "psv98"]
[Result "0-1"]
[WhiteElo "2085"]
[BlackElo "2469"]
[TimeControl "180+2"]
[EndTime "11:05:08 PDT"]
[Termination "psv98 won by resignation"]

1. e4 e6 2. d4 d5 3. Nd2 a6 4.
Ngf3 c5 5. Bd3 Nc6 6. dxc5 Bxc5 7. Qe2 Nge7 8. Nb3 Bb6 9. Bg5 h6 10. Bh4 O-O 11. O-O-O a5 12. exd5 exd5 13. Rhe1 Be6 14. Bxe7 Qxe7 15. Kb1 a4 16. Nbd2 a3 17. b3 Qf6 18.
Ne5 Rfe8 19. f4 Qxf4 20. Ndf3 Bg4 21. Qd2 Qxd2 22. Rxd2 Ba5 23. Rde2 Bxf3 24. Nxf3 Bxe1 25. Nxe1 Rxe2 26. Bxe2 Re8 0-1

[Event "*** Titled Tuesday 3|2 Blitz"]
[Site "Chess.com"]
[Date "2016.05.03"]
[Round "1"]
[White "Lector118"]
[Black "severomorskij"]
[Result "0-1"]
[WhiteElo "2306"]
[BlackElo "2599"]
[TimeControl "180+2"]
[EndTime "11:05:21 PDT"]
[Termination "severomorskij won by resignation"]

1. d4 Nf6 2. c4 e6 3. g3 c5 4. d5 exd5 5. cxd5 b5 6. Nf3 Bb7 7. e4 Nxe4 8. Bd3 Nd6 9. O-O Be7 10. Bf4 O-O 11. Re1 Na6 12. Bxh7+ Kxh7 13. Rxe7 Qxe7 14.
Ng5+ Kg8 15. Qh5 Qe1+ 16. Kg2 Bxd5+ 17. f3 Qe2+ 18. Kg1 Qd1+ 19. Kg2 Qc2+ 20. Nd2 Nc4 21. Rd1 Qg6 22. Qh4 f6 23. Nge4 Nxd2 24. Nxd2 Rfe8 0-1

[Event "*** Titled Tuesday 3|2 Blitz"]
[Site "Chess.com"]
[Date "2016.05.03"]
[Round "1"]
[White "Kacparov"]
[Black "YaWaleriy"]
[Result "1-0"]
[WhiteElo "2541"]
[BlackElo "2187"]
[TimeControl "180+2"]
[EndTime "11:05:35 PDT"]
[Termination "Kacparov won by resignation"]

1. d4 d5 2. c4 dxc4 3. e3 Nf6 4. Bxc4 e6 5. Nf3 c5 6. O-O a6 7. a4 Nc6 8. Nc3 cxd4 9. exd4 Be7 10. Bg5 O-O 11. Qd3 Nb4 12. Qe2 Nfd5 13. Bxe7 Nxe7 14. Rad1 b6 15. Ne5 Bb7 16. Rfe1 Ned5 17. Qg4 Rc8 18. Bb3 Qe7 19. Qg3 Rfd8 20. h4 h6 21. Ng4 Kh8 22.
Ne5 Kg8 23. Ne4 Nf6 24. Nxf6+ Qxf6 25. Nxf7 Kxf7 26. Rxe6 Qxe6 27. Bxe6+ Kxe6 28. Qg6+ Kd5 29. Qf7+ Kc6 30. Qc4+ Kd7 31. Qxb4 Kc7 32. Rc1+ 1-0

[Event "*** Titled Tuesday 3|2 Blitz"]
[Site "Chess.com"]
[Date "2016.05.03"]
[Round "1"]
[White "ZEN-22"]
[Black "norwaytoadog"]
[Result "1-0"]
[WhiteElo "2412"]
[BlackElo "2018"]
[TimeControl "180+2"]
[EndTime "11:05:37 PDT"]
[Termination "ZEN-22 won by resignation"]

1. e4 e5 2. Nc3 Nc6 3. f4 exf4 4. d4 Bb4 5. Bxf4 d5 6. exd5 Qxd5 7. Nf3 Bg4 8. Bxc7 Rc8 9. Bf4 Bxf3 10. Qxf3 Qxf3 11.
gxf3 Nxd4 12. O-O-O Ne6 13. Nd5 a6 14. Bh3 Be7 15.
Rhg1 g6 16. Bxe6 fxe6 17. Be5 exd5 18. Bxh8 Bf6 19. Rge1+ Kf7 20. Bxf6 Nxf6 21. Re5 Rc4 22. b3 Rf4 23. Rd3 Rh4 24. Re2 b5 25. a3 a5 26. Kb2 b4 27. a4 Rf4 28. Re5 h6 29.
Rexd5 Nxd5 30. Rxd5 Rxf3 31. Rxa5 Rf2 32. h3 g5 33. Rb5 Rf3 34. a5 Rxh3 35. a6 Re3 36.
a7 Re8 37. Rb8 1-0

[Event "*** Titled Tuesday 3|2 Blitz"]
[Site "Chess.com"]
[Date "2016.05.03"]
[Round "1"]
[White "Quiet_Desperation"]
[Black "chito89"]
[Result "0-1"]
[WhiteElo "2298"]
[BlackElo "2612"]
[TimeControl "180+2"]
[EndTime "11:05:42 PDT"]
[Termination "chito89 won by resignation"]

1. e4 c5 2. Nf3 e6 3. d4 cxd4 4. Nxd4 a6 5. Bd3 Qc7 6. O-O Nc6 7. Nxc6 bxc6 8. Nc3 e5 9. f4 Bd6 10. g3 Nf6 11. f5 Bc5+ 12. Kh1 d5 13. Bg5 Bb7 14. Qe2 Be7 15. Bxf6 Bxf6 16. Qf3 Rd8 17. Rad1 h5 18. b3 Qa5 19. Na4 h4 20. g4 Bg5 21. c4 O-O 22.
exd5 cxd5 23. cxd5 Qxd5 24. Be2 Qxf3+ 25. Bxf3 Bxf3+ 0-1

[Event "*** Titled Tuesday 3|2 Blitz"]
[Site "Chess.com"]
[Date "2016.05.03"]
[Round "1"]
[White "dretch"]
[Black "Tesla17"]
[Result "1-0"]
[WhiteElo "2582"]
[BlackElo "2269"]
[TimeControl "180+2"]
[EndTime "11:05:48 PDT"]
[Termination "dretch won by resignation"]

1. d4 Nf6 2. c4 g6 3. Nc3 d5 4. Bf4 Bg7 5. e3 O-O 6. Rc1 c6 7. Nf3 Be6 8. b3 h6 9. Be2 Nbd7 10. h3 Qa5 11. O-O Rac8 12. Qd2 Qa3 13. Nb1 Ne4 14.
Nxa3 Nxd2 15. Nxd2 Nf6 16. Be5 Rfd8 17. Rfd1 Bf8 18.
Bxf6 exf6 19. cxd5 cxd5 20. Nab1 Bf5 21. Bg4 Bxg4 22.
hxg4 Bb4 23. Kf1 Kf8 24. Ke2 Ke7 25. Kd3 Kd6 26. Rh1 Rxc1 27. Rxc1 a6 28. a3 Ba5 29. b4 Bb6 30. Nc3 Rg8 31. e4 dxe4+ 32. Ndxe4+ Ke7 33. Nd5+ 1-0

[Event "*** Titled Tuesday 3|2 Blitz"]
[Site "Chess.com"]
[Date "2016.05.03"]
[Round "1"]
[White "LyonBeast"]
[Black "Usurpov"]
[Result "1-0"]
[WhiteElo "2763"]
[BlackElo "2345"]
[TimeControl "180+2"]
[EndTime "11:05:53 PDT"]
[Termination "LyonBeast won by resignation"]

1. e4 c5 2. Nf3 Nc6 3. d4 cxd4 4. Nxd4 Nf6 5. Nc3 e6 6. g3 d5 7. exd5 Nxd5 8. Nxc6 bxc6 9. Ne4 Ba6 10. Bxa6 Qa5+ 11. Bd2 Qxa6 12. Qe2 Qxe2+ 13. Kxe2 Be7 14. c4 Nb4 15. Bxb4 Bxb4 16. c5 Ke7 17. a3 Ba5 18. Rhd1 Rhd8 19. Nd6 Bc7 20. Nc4 Rd5 21. b4 Rad8 22. Ne3 Rxd1 23. Rxd1 Rxd1 24. Kxd1 a5 25. Kc2 axb4 26. axb4 f5 27. Kb3 Kf6 28. Kc4 g5 29. b5 cxb5+ 30. Kxb5 h5 31. Kc6 Bd8 32. Kd7 Ba5 33.
c6 f4 34. Nc4 1-0

[Event "*** Titled Tuesday 3|2 Blitz"]
[Site "Chess.com"]
[Date "2016.05.03"]
[Round "1"]
[White "smurfo"]
[Black "Schemato"]
[Result "1-0"]
[WhiteElo "2550"]
[BlackElo "2220"]
[TimeControl "180+2"]
[EndTime "11:06:00 PDT"]
[Termination "smurfo won by resignation"]

1. e4 e6 2. Nf3 d5 3. e5 b6 4. Nc3 Ne7 5. d4 h5 6. a4 Ba6 7. a5 Bxf1 8. Kxf1 c5 9. axb6 Qxb6 10. dxc5 Qxc5 11. g3 Nbc6 12. Be3 Qc4+ 13. Kg2 Ng6 14. Ra4 Ncxe5 15. Rxc4 Nxc4 16. Qa1 Be7 17. Qa4+ Kf8 18.
Qc6 Rd8 19. Bc5 h4 20. Ra1 h3+ 21. Kf1 a5 22. b3 Nce5 23. Nxe5 Nxe5 24. Bxe7+ Kxe7 25. Qc5+ Kf6 26. Qd4 Rh5 27. f4 1-0

[Event "*** Titled Tuesday 3|2 Blitz"]
[Site "Chess.com"]
[Date "2016.05.03"]
[Round "1"]
[White "Fh2411"]
[Black "Byniolus"]
[Result "1-0"]
[WhiteElo "2278"]
[BlackElo "2554"]
[TimeControl "180+2"]
[EndTime "11:06:13 PDT"]
[Termination "Fh2411 won by resignation"]

1. d4 d6 2. Bf4 Nd7 3. Nf3 g6 4. e3 Bg7 5. h3 e5 6. Bh2 Ne7 7. c4 exd4 8. exd4 O-O 9. Be2 Nf5 10. Nc3 Re8 11. O-O Nf6 12. Re1 Ne4 13. Bd3 Nxc3 14. bxc3 Bd7 15. Qb3 b6 16. Bf4 h6 17. Qa3 a5 18. c5 dxc5 19. dxc5 Rxe1+ 20. Rxe1 Bf8 21. Qb2 Bxc5 22. Bxf5 Bxf5 23. Bxh6 Qd6 24. Ng5 a4 25. Qe2 Bd7 26. Qc4 Qf4 27. Qxf4 1-0

[Event "*** Titled Tuesday 3|2 Blitz"]
[Site "Chess.com"]
[Date "2016.05.03"]
[Round "1"]
[White "Fariasov-inactive"]
[Black "Zlatan56"]
[Result "0-1"]
[WhiteElo "2194"]
[BlackElo "2543"]
[TimeControl "180+2"]
[EndTime "11:06:13 PDT"]
[Termination "Zlatan56 won by resignation"]

1. c4 Nf6 2. Nc3 g6 3. d4 Bg7 4. e4 O-O 5. f3 d6 6. Be3 Nc6 7. Bd3 e5 8. d5 Nd4 9. Nge2 Nh5 10. O-O c5 11. g4 Nf6 12. Ng3 h5 13. h3 hxg4 14.
hxg4 Nh7 15. Kg2 Bf6 16. Bh6 Re8 17. Rh1 Bg5 18. Nce2 Qf6 19. Nxd4 cxd4 20. Bxg5 Nxg5 21. Qe2 Bd7 22. b4 Kg7 23. a4 a5 24. b5 Rh8 25.
Rxh8 Rxh8 26. Rh1 Rxh1 27. Nxh1 Qf4 28. Nf2 Qc1 29. Qd1 Qf4 30. Qe1 Qxf3+ 31. Kg1 b6 32.
Qe2 Qg3+ 33. Kf1 Nf3 34. Qc2 Nh2+ 35. Ke1 Qg1+ 36. Ke2 Qf1+ 0-1

[Event "*** Titled Tuesday 3|2 Blitz"]
[Site "Chess.com"]
[Date "2016.05.03"]
[Round "1"]
[White "DiamondCrusher22"]
[Black "ZivkovicN"]
[Result "0-1"]
[WhiteElo "1953"]
[BlackElo "2379"]
[TimeControl "180+2"]
[EndTime "11:06:17 PDT"]
[Termination "ZivkovicN won on time"]

1. e4 c5 2. Nf3 d6 3. c3 Nf6 4. Be2 Nc6 5. d4 cxd4 6. cxd4 d5 7. e5 Ne4 8. O-O Bg4 9. Nc3 Nxc3 10.
bxc3 e6 11. h3 Bh5 12. Bg5 Qc7 13. Rc1 Be7 14. Bf4 O-O 15. Re1 Rfd8 16. Ng5 Bxe2 17. Qxe2 h6 18. Nf3 Qa5 19. Qd2 Bf8 20. Bg3 Rac8 21. Bh4 Rd7 22. Re3 Rdc7 23. Ne1 b5 24. Rg3 Kh8 0-1

[Event "*** Titled Tuesday 3|2 Blitz"]
[Site "Chess.com"]
[Date "2016.05.03"]
[Round "1"]
[White "JusticeBot"]
[Black "D-Prawira"]
[Result "1-0"]
[WhiteElo "2545"]
[BlackElo "2206"]
[TimeControl "180+2"]
[EndTime "11:06:31 PDT"]
[Termination "JusticeBot won by resignation"]

1. e4 e6 2. d4 d5 3. Nd2 Nc6 4. c3 e5 5. exd5 Qxd5 6. Ngf3 exd4 7. Bc4 Qh5 8. O-O Bd6 9. Ne4 Bg4 10. Nxd6+ cxd6 11. Re1+ Nge7 12. Bf4 Bxf3 13. Qxf3 Qxf3 14. gxf3 d5 15.
Bxd5 dxc3 16. Bxc6+ bxc6 17. Bd6 cxb2 18. Rxe7+ Kd8 19.
Rb1 Rb8 20. Bxb8 Kxe7 21. Rxb2 a5 22. Be5 f6 23. Bc3 a4 24. Rb7+ Ke6 25. Rxg7 Rb8 26.
Ra7 Rb1+ 27. Kg2 Rc1 28. Bd4 Rc4 29. Be3 h5 30. Kg3 h4+ 31. Kh3 Kf5 32. Ra5+ Ke6 33. a3 f5 34. Bg5 c5 35. Bxh4 Kd5 36. Be7 Rc3 37. Rxa4 Rxf3+ 38. Kg2 Rc3 39. Ra5 Kd4 40. Bf6+ 1-0

[Event "*** Titled Tuesday 3|2 Blitz"]
[Site "Chess.com"]
[Date "2016.05.03"]
[Round "1"]
[White "Smirnov_Pavel"]
[Black "simonachess"]
[Result "1-0"]
[WhiteElo "2489"]
[BlackElo "2143"]
[TimeControl "180+2"]
[EndTime "11:06:39 PDT"]
[Termination "Smirnov_Pavel won by resignation"]

1. d4 d5 2. c4 e6 3. Nf3 Nf6 4. g3 Be7 5. Bg2 O-O 6. O-O c6 7. Nc3 Nbd7 8. Qd3 Re8 9. b3 b6 10. Bb2 Bb7 11. Rfd1 Rc8 12. Rac1 Bd6 13. e4 dxe4 14.
Nxe4 Nxe4 15. Qxe4 Qe7 16. c5 Bb8 17. b4 Nf6 18.
Qe2 Nd5 19. a3 Bc7 20. Ne5 Bxe5 21. dxe5 Ra8 22. Bd4 b5 23. Qe1 Qc7 24. Bc3 Bc8 25. Bd2 Bd7 26. h4 Reb8 27. h5 Rf8 28. h6 f5 29. hxg7 Kxg7 30. Bf3 Be8 31. Kg2 Bg6 32. Qh1 Rad8 33. Bh6+ Kg8 34. Bxf8 Rxf8 35. Re1 f4 36. g4 Rf7 37. Qh6 Qe7 38. Rcd1 Qf8 39. Qxf8+ Kxf8 40. Rd4 Ke7 41. Bxd5 exd5 42. Kf3 h5 43.
Rxf4 hxg4+ 44. Kxg4 Bh5+ 45. Kg5 1-0

[Event "*** Titled Tuesday 3|2 Blitz"]
[Site "Chess.com"]
[Date "2016.05.03"]
[Round "1"]
[White "FearNoEvil12"]
[Black "Bentery"]
[Result "0-1"]
[WhiteElo "1906"]
[BlackElo "2370"]
[TimeControl "180+2"]
[EndTime "11:06:40 PDT"]
[Termination "Bentery won by resignation"]

1. e4 e6 2. d4 d5 3. Nc3 Nf6 4. Qd3 Be7 5. e5 Nfd7 6. Qg3 g6 7. Nf3 c5 8. Be3 cxd4 9. Nxd4 Nc6 10. f4 Bh4 11. O-O-O Bxg3 12. hxg3 Nxd4 13. Bxd4 a6 14. g4 b5 15. Bd3 Bb7 16. Rhe1 b4 17. Ne2 Qa5 18.
Kb1 Nc5 19. Nc1 Nxd3 20. Nxd3 h5 21. f5 hxg4 22. fxg6 fxg6 23. Nf4 Kd7 24. Nxg6 Rh6 25. Nf4 Qb5 26. Nd3 Rc8 27. Rf1 Rh7 28. Rf4 a5 29. Rdf1 a4 30. Rf7+ Rxf7 31. Rxf7+ Ke8 32. Rf4 b3 33. axb3 axb3 34. Bc3 bxc2+ 35. Kxc2 d4 36. Rxd4 Bxg2 37. Rxg4 Bf1 38. Nb4 Qe2+ 0-1

[Event "*** Titled Tuesday 3|2 Blitz"]
[Site "Chess.com"]
[Date "2016.05.03"]
[Round "1"]
[White "saraswathii"]
[Black "flavettes"]
[Result "0-1"]
[WhiteElo "1962"]
[BlackElo "2386"]
[TimeControl "180+2"]
[EndTime "11:06:52 PDT"]
[Termination "flavettes won by resignation"]

1. e4 c5 2. Nf3 Nc6 3. d3 g6 4. g3 Bg7 5. Bg2 e6 6. O-O Nge7 7. c3 O-O 8. Qe2 d5 9. e5 b6 10. Bf4 a5 11. Nbd2 h6 12. h4 a4 13.
a3 b5 14. g4 b4 15. axb4 cxb4 16. c4 Re8 17. Rfd1 Bb7 18. cxd5 Nxd5 19. Bg3 Nc7 20. Ne4 Nb5 21. g5 h5 22. Nf6+ Bxf6 23. gxf6 Ncd4 24.
Qe3 Nf5 25. Qf4 Qd5 26. Ne1 Qd7 27. Bh3 Nbd4 28. Nc2 Ne2+ 0-1

[Event "*** Titled Tuesday 3|2 Blitz"]
[Site "Chess.com"]
[Date "2016.05.03"]
[Round "1"]
[White "GulamaliRises"]
[Black "NaziPaiki"]
[Result "0-1"]
[WhiteElo "2582"]
[BlackElo "2482"]
[TimeControl "180+2"]
[EndTime "11:07:06 PDT"]
[Termination "NaziPaiki won by resignation"]

1. e4 c5 2. d4 cxd4 3. c3 dxc3 4. Nxc3 Nc6 5. Nf3 d6 6. Bc4 e6 7. O-O Nf6 8. Qe2 Be7 9. Rd1 e5 10. Be3 O-O 11. Rac1 Be6 12. Bxe6 fxe6 13. b4 Qe8 14. Qc4 Qc8 15. Qb3 Ng4 16. b5 Na5 17. Qb4 Nxe3 18.
fxe3 Qd8 19. Qa4 Qb6 20. Kh1 Rac8 21. Ne2 Rxc1 22. Rxc1 Qxe3 23. Qd1 Qxe4 24. Ng3 Qb4 25. Rc7 d5 26. Nxe5 Bd6 27. Nd3 Qxb5 28. Rc1 Nc4 29. Qg4 Qd7 30. Re1 Rf6 31. Nh5 Rf5 32. Nhf4 Bxf4 33. Nxf4 Qf7 34. g3 e5 35. Nd3 Rf1+ 36.
Kg2 0-1

[Event "*** Titled Tuesday 3|2 Blitz"]
[Site "Chess.com"]
[Date "2016.05.03"]
[Round "1"]
[White "sandropozo"]
[Black "Elshan1985"]
[Result "1-0"]
[WhiteElo "2303"]
[BlackElo "2569"]
[TimeControl "180+2"]
[EndTime "11:07:07 PDT"]
[Termination "sandropozo won by resignation"]

1. d4 Nf6 2. c4 e6 3. Nf3 b6 4.
Nc3 Bb4 5. Bg5 Bb7 6. e3 h6 7.
Bh4 Bxc3+ 8. bxc3 d6 9. Bd3 Nbd7 10. O-O g5 11. Bg3 h5 12. h4 gxh4 13. Bxh4 Qe7 14. e4 Qf8 15. Qe2 Rg8 16. c5 dxc5 17.
Bb5 a6 18. Bxd7+ Nxd7 19. d5 e5 20. c4 f6 21. Nd2 Rg4 22. g3 O-O-O 23. f3 Rg6 24.
Kh2 Qg7 25. a4 Rg8 26. Rg1 a5 27. Nf1 Kb8 28. Ne3 Bc8 29. Nf5 Qf7 30. d6 cxd6 31. Nxd6 Qe6 32. Nf5 Ba6 33. Rac1 Kc7 34. Rgd1 Rd8 35.
Rd6 Qxd6 36. Nxd6 Kxd6 37. Qd3+ Kc7 38. Rd1 Bb7 39. Qd6+ Kc8 40. Qe6 Kc7 41. Qf7 Rh6 42. Qg7 Rhh8 43. Bxf6 1-0

[Event "*** Titled Tuesday 3|2 Blitz"]
[Site "Chess.com"]
[Date "2016.05.03"]
[Round "1"]
[White "vovkcoach"]
[Black "sorito"]
[Result "1-0"]
[WhiteElo "2518"]
[BlackElo "2171"]
[TimeControl "180+2"]
[EndTime "11:07:08 PDT"]
[Termination "vovkcoach won by resignation"]

1. d4 Nf6 2. c4 e6 3. Nf3 c5 4.
d5 d6 5. Nc3 exd5 6. cxd5 g6 7.
g3 Bg7 8. Bg2 O-O 9. O-O a6 10.
a4 Nbd7 11. Bf4 Qc7 12. h3 Re8 13. g4 Ne4 14. Qc2 Nxc3 15. bxc3 Ne5 16. Nxe5 Bxe5 17.
Bxe5 Rxe5 18. e4 Bd7 19. f4 Ree8 20. a5 c4 21. Kh1 Qc5 22. Qd2 f6 23. g5 fxg5 24. f5 h6 25. fxg6 Rf8 26. h4 Bg4 27. hxg5 h5 28. Rf6 Qc7 29. Raf1 Qe7 30. Qd4 Qe5 31. Qxe5 dxe5 32. Kh2 Kg7 33. Bh3 Be2 34. Rxf8 Rxf8 35. Rxf8 Kxf8 36. d6 1-0

[Event "*** Titled Tuesday 3|2 Blitz"]
[Site "Chess.com"]
[Date "2016.05.03"]
[Round "1"]
[White "rhungaski"]
[Black "FLchessplayer"]
[Result "1-0"]
[WhiteElo "2458"]
[BlackElo "2082"]
[TimeControl "180+2"]
[EndTime "11:07:10 PDT"]
[Termination "rhungaski won by resignation"]

1. Nf3 c5 2. c4 Nc6 3. Nc3 g6 4. g3 Bg7 5. Bg2 d6 6. O-O e5 7. a3 a5 8. Ne1 Nge7 9. Nc2 O-O 10. Ne3 h6 11. Rb1 Bf5 12. d3 Be6 13. Ned5 Nf5 14. e3 Rb8 15. Bd2 b6 16. b4 axb4 17. axb4 Kh7 18. Qc2 Nce7 19. Ra1 Nxd5 20. Nxd5 Ne7 21.
Nxe7 Qxe7 22. Ra6 Rfd8 23. Rb1 f5 24. Bc6 Qc7 25. Qa4 Rbc8 26. b5 d5 27. Ra7 Qd6 28. Bc3 dxc4 29. dxc4 Kh8 30. Qa1 Rc7 31. Ra4 e4 32.
Bxg7+ Rxg7 33. Ra7 Rg8 34. Rd1 Qb8 35. Rxg7 Rxg7 36.
Qf6 Bg8 37. Rd7 1-0

[Event "*** Titled Tuesday 3|2 Blitz"]
[Site "Chess.com"]
[Date "2016.05.03"]
[Round "1"]
[White "GeorgMeier"]
[Black "rookoco"]
[Result "1-0"]
[WhiteElo "2751"]
[BlackElo "2315"]
[TimeControl "180+2"]
[EndTime "11:07:15 PDT"]
[Termination "GeorgMeier won by resignation"]

1. Nf3 d5 2. g3 g6 3. Bg2 Bg7 4. d4 Nf6 5. O-O c6 6. Bf4 O-O 7. Nbd2 Bf5 8. c3 Nbd7 9. Qb3 Qb6 10. h3 Qa6 11. Rfe1 Ne4 12. a4 Rfe8 13. g4 Nxd2 14.
Nxd2 Be6 15. e3 c5 16. Qb5 Qc6 17. Nb3 Rec8 18. Na5 Qxb5 19. axb5 cxd4 20. exd4 b6 21.
Nc6 Re8 22. Nxa7 Nf6 23. Nc6 Kf8 24. Bc7 Nd7 25. Rxa8 Rxa8 26. Nd8 Ra7 27. Bg3 Ra2 28. Nxe6+ fxe6 29. Rxe6 Rxb2 30. Bxd5 Rxb5 31. Be4 Nf6 32. Bd3 Rb3 33. Rc6 Ke8 34. Bc4 Rb1+ 35. Kg2 Bh6 36. Be6 Kf8 37. Be5 Bd2 38. Rc8+ Kg7 39. h4 g5 40.
hxg5 Bxg5 41. f4 Bh4 42. g5 1-0

[Event "*** Titled Tuesday 3|2 Blitz"]
[Site "Chess.com"]
[Date "2016.05.03"]
[Round "1"]
[White "Journey_to_GrandMaster_YT"]
[Black "platy3"]
[Result "0-1"]
[WhiteElo "2332"]
[BlackElo "2644"]
[TimeControl "180+2"]
[EndTime "11:07:16 PDT"]
[Termination "platy3 won by resignation"]

1. d4 Nf6 2. c4 g6 3. Nc3 Bg7 4. e4 d6 5. Nf3 O-O 6. Be2 e5 7. O-O Nc6 8. d5 Ne7 9. Ne1 Nd7 10. Be3 f5 11. f3 f4 12. Bf2 g5 13. a4 Rf6 14. a5 Rh6 15. b4 Nf6 16. c5 a6 17.
cxd6 cxd6 18. Na4 Qe8 19. Nb6 Qh5 20. h4 gxh4 21. Nxa8 h3 22. g4 fxg3 23. Bxg3 Rg6 24. Kh2 Bh6 25. Rg1 Be3 26. Nd3 Bxg1+ 27. Qxg1 Qg5 28.
Nb6 Nh5 29. Nxc8 Nxg3 30. Nxe7+ Qxe7 31. Qf2 Nxe2 32. Kh1 Rg2 0-1